 Dungeon Crawl Stone Soup version 0.13-a0-2350-g4422b0a (webtiles) character file.

2565 M4edhros the Covert (level 9, 0/54 HPs)
             Began as an Octopode Artificer on July 11, 2013.
             Slain by an orc
             ... wielding a -1,+1 orcish flail
              (8 damage)
             ... on Level 7 of the Dungeon.
             The game lasted 00:11:54 (8977 turns).

M4edhros the Covert (Octopode Artificer)            Turns: 8977, Time: 00:11:54

HP   0/54        AC  1     Str 10 (11) XL: 9   Next: 39%
MP  13/13        EV  9     Int 17      God:
Gold 282         SH 13     Dex 12      Spells:  0 memorised,  8 levels left

Res.Fire  : . . .   See Invis. : .   u - +4 elf sabre (speed)
Res.Cold  : . . .   Warding    : .   A - +0 shield
Life Prot.: . . .   Conserve   : .   (helmet restricted)
Res.Poison: .       Res.Corr.  : .   (no amulet)
Res.Elec. : .       Clarity    : .   (no ring)
Sust.Abil.: . .     Spirit.Shd : .   C - ring of protection from magic
Res.Mut.  : .       Stasis     : .   (no ring)
Res.Rott. : .       Flight     : .   (no ring)
Saprovore : . . .                    (no ring)
                                     (no ring)
                                     (no ring)
                                     (no ring)

@: quite resistant to hostile enchantments, extraordinarily stealthy
A: almost no armour, amphibious, 8 rings, constrict 8, camouflage 1, AC +1
a: no special abilities


You were on level 7 of the Dungeon.
You were near starving.

You visited 1 branch of the dungeon, and saw 7 of its levels.

You collected 353 gold pieces.
You spent 91 gold pieces at shops.

Inventory:

Hand weapons
 u - a +4,+4 elven sabre of speed (weapon)
 y - a +3,+0 elven short sword of venom
Armour
 A - a +0 shield (worn)
Magical devices
 b - a wand of flame (0)
 c - a wand of enslavement (12)
 d - a wand of random effects (15)
 o - a wand of flame (14)
 B - a wand of confusion (13)
Comestibles
 f - 5 bread rations
 g - 2 chokos
 h - 7 strawberries
 s - 2 meat rations
Scrolls
 e - 2 scrolls of curse jewellery
 i - 3 scrolls of teleportation
 j - 2 scrolls of magic mapping
 k - a scroll of noise
 m - 2 scrolls of remove curse
 p - 2 scrolls of recharging
 t - a scroll of enchant armour
 v - 3 scrolls of amnesia
 w - a scroll of fog
 E - a scroll of fear {unknown}
Jewellery
 n - an uncursed ring of teleportation
 C - a ring of protection from magic (right tentacle)
 D - a +4 ring of dexterity {unknown}
Potions
 a - a potion of agility
 l - a potion of mutation {unknown}
 q - a potion of poison {unknown}
 r - a potion of heal wounds
 x - a potion of resistance
 z - 4 potions of curing


   Skills:
 - Level 1.0 Fighting
 + Level 7.0 Short Blades
 - Level 2.0 Dodging
 * Level 13.6 Stealth
 - Level 2.1 Traps
 - Level 3.2 Evocations


You had 8 spell levels left.
You didn't know any spells.

Dungeon Overview and Level Annotations

Branches:
Dungeon (7/27)
 Temple: D:4-7          Orc: D:6-11

Altars:
Elyvilon

Shops:
D:4: (

Annotations
D:4 Murumi's ghost, average MiFi


Innate Abilities, Weirdness & Mutations

You cannot wear most types of armour.
You are amphibious.
You can wear up to eight rings at the same time.
You can use your tentacles to constrict many enemies at once.
Your skin changes colour to match your surroundings (Stlth).
Your rubbery body absorbs attacks (AC +1).


Message History

You hit the orc.
The orc is almost dead.
You constrict the orc. The orc hits you but does no damage.
The orc hits you with an orcish hammer.
You hit the orc.
You kill the orc!
You hit the orc but do no damage. Your grab misses the orc.
The orc hits you with an orcish flail!
* * * LOW HITPOINT WARNING * * *
You are too injured to fight recklessly!
You are too injured to fight recklessly!
You are too injured to fight recklessly!
Evoke which item? (* to show all) (? for menu, Esc to quit)
Zapping:
o - a wand of flame {zapped: 2}
Press: ? - help, Shift-Dir - straight line, f - orc
Aim: an orc, wielding an orcish mace The puff of flame hits the orc.
The orc is moderately wounded.
The orc hits you with an orcish flail!
You die...

# #...........?..# #>
#.......##.....#
.##.##.......##.<...#
..............##.....#
....$.........##.....#
..............#####.##
..............# .#
..##..#.......# .#
#..##@####.# .# #..
#o# ... . #..##o# ..
#..)..##....
#.o.)........
#.....##.... #.###.#
... ... .... . ###
#.##.


You could see 2 orcs.

Vanquished Creatures
  A hippogriff (D:6)
  A necrophage (D:6)
  A black bear (D:7)
  A sky beast (D:6)
  2 ogres
  A centaur (D:6)
  7 giant goldfish (D:6)
  2 giant frogs
  A hippogriff zombie (D:6)
  3 jellyfish (D:6)
  2 electric eels (D:6)
  4 crimson imps
  An iguana (D:6)
  2 hounds
  3 big fish (D:6)
  A scorpion (D:6)
  An orc wizard (D:7)
  4 worker ants
  A crocodile skeleton (D:6)
  A jelly (D:6)
  6 adders
  3 worms
  2 adder skeletons (D:6)
  A giant eyeball (D:6)
  7 giant geckos
  An ooze (D:1)
  10 orcs
  20 bats
  A bat skeleton (D:6)
  A bat zombie (D:6)
  6 giant cockroaches
  8 goblins
  12 hobgoblins
  7 jackals
  A quokka (D:4)
  3 ball pythons
  6 giant newts
  A giant spore (D:6)
  A gnoll skeleton (D:6)
  A hobgoblin skeleton (D:5)
  10 kobolds
  A quokka zombie (D:6)
  14 rats
163 creatures vanquished.

Vanquished Creatures (collateral kills)
  A giant cockroach (D:3)
  A goblin (D:3)
2 creatures vanquished.

Vanquished Creatures (others)
  A worker ant (D:6)
  A hobgoblin (D:6)
  A giant newt (D:6)
  13 plants (D:6)
16 creatures vanquished.

Grand Total: 181 creatures vanquished

Notes
Turn   | Place    | Note
--------------------------------------------------------------
     0 | D:1      | M4edhros, the Octopode Artificer, began the quest for the Orb.
     0 | D:1      | Reached XP level 1. HP: 14/14 MP: 1/1
    86 | D:1      | Reached XP level 2. HP: 13/19 MP: 3/3
   680 | D:1      | Reached XP level 3. HP: 21/24 MP: 4/4
  1217 | D:2      | Found a white marble altar of Elyvilon.
  1233 | D:2      | Reached skill level 4 in Stealth
  1384 | D:3      | Reached XP level 4. HP: 19/29 MP: 6/6
  1557 | D:2      | HP: 1/29 [poisoned by a hobgoblin]
  2394 | D:3      | Reached skill level 5 in Stealth
  2394 | D:3      | Reached XP level 5. HP: 34/34 MP: 7/7
  3034 | D:4      | Reached skill level 6 in Stealth
  3067 | D:4      | Found Kyadio's Antique Weapon Shop.
  3071 | D:4      | Reached XP level 6. HP: 28/39 MP: 9/9
  3094 | D:4      | Bought a runed elven short sword for 91 gold pieces
  3115 | D:4      | Reached skill level 7 in Stealth
  3620 | D:4      | Noticed Murumi's ghost (average MiFi)
  3939 | D:5      | Entered Level 5 of the Dungeon
  4094 | D:5      | Reached skill level 8 in Stealth
  4687 | D:6      | Reached XP level 7. HP: 44/44 MP: 10/10
  4692 | D:6      | Noticed a hippogriff
  4693 | D:6      | Noticed a necrophage
  4710 | D:6      | Killed a hippogriff
  4710 | D:6      | Reached skill level 9 in Stealth
  4711 | D:6      | Killed a necrophage
  4900 | D:6      | Reached skill level 5 in Short Blades
  4900 | D:6      | Reached skill level 10 in Stealth
  5194 | D:6      | Reached XP level 8. HP: 25/50 MP: 12/12
  6194 | D:6      | Reached skill level 11 in Stealth
  7525 | D:6      | Reached skill level 12 in Stealth
  7962 | D:6      | Reached XP level 9. HP: 44/54 MP: 13/13
  8120 | D:6      | Reached skill level 13 in Stealth
  8977 | D:7      | Slain by an orc

Action                   |  1- 3 |  4- 6 |  7- 9 || total
-------------------------+-------+-------+-------++-------
Melee: Short sword       |    99 |    31 |       ||   130
       Sabre             |       |   117 |   262 ||   379
Evoke: Wand              |       |     6 |    17 ||    23
  Use: Potion            |     2 |     5 |       ||     7
       Scroll            |       |    10 |     7 ||    17
 Stab: Sleeping          |     2 |    16 |     9 ||    27
       Confused          |       |       |     1 ||     1
       Distracted        |       |       |     2 ||     2
